Workbook

Sheet 法非適用_水道事業
B2: 経営比較分析表
B6: =データ!H6 -> 広島県 大崎上島町
B7: 業務名 | J7: 業種名 | R7: 事業名 | Z7: 類似団体区分 | AI7: 人口（人） | AQ7: 面積(km2) | AY7: 人口密度(人/km2) | BL7: グラフ凡例
B8: =データ!I6 -> 法非適用 | J8: =データ!J6 -> 水道事業 | R8: =データ!K6 -> 簡易水道事業 | Z8: =データ!L6 -> D2 | AI8: =データ!Q6 -> 7988 | AQ8: =データ!R6 -> 43.11 | AY8: =データ!S6 -> 185.29 | BL8: ■ | BN8: 当該団体値（当該値）
B9: 資金不足比率(％) | J9: 自己資本構成比率(％) | R9: 普及率(％) | Z9: 1か月20ｍ3当たり家庭料金(円) | AI9: 現在給水人口(人) | AQ9: 給水区域面積(km2) | AY9: 給水人口密度(人/km2) | BL9: － | BN9: 類似団体平均値（平均値）
B10: =データ!M6 -> - | J10: =データ!N6 -> 該当数値なし | R10: =データ!O6 -> 99.8 | Z10: =データ!P6 -> 3780 | AI10: =データ!T6 -> 7825 | AQ10: =データ!U6 -> 14.33 | AY10: =データ!V6 -> 546.06 | BL10: 【】 | BN10: 平成27年度全国平均
BL11: 分析欄
B14: 1. 経営の健全性・効率性 | BL14: 1. 経営の健全性・効率性について
BL16: 収益的収支比率及び料金回収率はともに100％を下回っており、一般会計からの繰入金を費用の財源の一部としている状況である。これらの要因として、給水原価が高いことがあげられる。 大崎上島町は水源が乏しいため、島外から海底送水管により水道用水の供給を受けている。このことから、類似団体に比べても、給水原価は高い状況となっている。 また、水需要の減少により、施設利用率は減少傾向にあるが、漏水調査を継続的に行っていることなどから、有収率は類似団体に比べ高い水準となっている。 企業債残高対給水収益比率は、類似団体に比べてかなり低く推移している。これは、施設整備の財源について、国庫補助金を活用し、企業債の発行額を抑えてきたことが要因である。
C34: 「単年度の収支」 | R34: 「累積欠損」 | AG34: 「支払能力」 | AV34: 「債務残高」
BL45: 2. 老朽化の状況について
BL47: 管路更新率は、平成25年度以降、０％となっている。基幹管路については、平成3年度から平成24年度までに概ね更新してきたため、当面、更新事業を予定していない。今後は基幹管路以外の更新を適宜行う予定である。
C56: 「料金水準の適切性」 | R56: 「費用の効率性」 | AG56: 「施設の効率性」 | AV56: 「供給した配水量の効率性」
B60: 2. 老朽化の状況
BL64: 全体総括
BL66: 町が経営する４つの簡易水道事業について、平成28年度末までに統合し、地方公営企業法を全部適用する予定である。今後、事業統合を踏まえ、中期財政計画を作成したうえで、経営の健全化の検討を行う。 水道施設については、施設の最適化の検討を進めており、引き続き施設の統廃合などにより、施設利用率の向上を図る。また、施設更新計画（設備編）に基づいた施設の更新により、安定供給を図る。
C79: 「施設全体の減価償却の状況」 | W79: 「管路の経年化の状況」 | AQ79: 「管路の更新投資の実施状況」
C83: ※ 平成23年度から平成25年度における各指標の類似団体平均値は、当時の事業数を基に算出していますが、管路更新率については、平成26年度の事業数を基に類似団体平均値を算出しています。

Sheet データ
A1: 水道事業(法非適用) | W1: 1 | X1: 1 | Y1: 1 | Z1: 1 | AA1: 1 | AB1: 1 | AC1: 1 | AD1: 1 | AE1: 1 | AF1: 1 | AH1: 1 | AI1: 1 | AJ1: 1 | AK1: 1 | AL1: 1 | AM1: 1 | AN1: 1 | AO1: 1 | AP1: 1 | AQ1: 1 | AS1: 1 | AT1: 1 | AU1: 1 | AV1: 1 | AW1: 1 | AX1: 1 | AY1: 1 | AZ1: 1 | BA1: 1 | BB1: 1 | BD1: 1 | BE1: 1 | BF1: 1 | BG1: 1 | BH1: 1 | BI1: 1 | BJ1: 1 | BK1: 1 | BL1: 1 | BM1: 1 | BO1: 1 | BP1: 1 | BQ1: 1 | BR1: 1 | BS1: 1 | BT1: 1 | BU1: 1 | BV1: 1 | BW1: 1 | BX1: 1 | BZ1: 1 | CA1: 1 | CB1: 1 | CC1: 1 | CD1: 1 | CE1: 1 | CF1: 1 | CG1: 1 | CH1: 1 | CI1: 1 | CK1: 1 | CL1: 1 | CM1: 1 | CN1: 1 | CO1: 1 | CP1: 1 | CQ1: 1 | CR1: 1 | CS1: 1 | CT1: 1 | CV1: 1 | CW1: 1 | CX1: 1 | CY1: 1 | CZ1: 1 | DA1: 1 | DB1: 1 | DC1: 1 | DD1: 1 | DE1: 1 | DG1: 1 | DH1: 1 | DI1: 1 | DJ1: 1 | DK1: 1 | DL1: 1 | DM1: 1 | DN1: 1 | DO1: 1 | DP1: 1 | DR1: 1 | DS1: 1 | DT1: 1 | DU1: 1 | DV1: 1 | DW1: 1 | DX1: 1 | DY1: 1 | DZ1: 1 | EA1: 1 | EC1: 1 | ED1: 1 | EE1: 1 | EF1: 1 | EG1: 1 | EH1: 1 | EI1: 1 | EJ1: 1 | EK1: 1 | EL1: 1
A2: 項番 | B2: =COLUMN()-1 -> 1 | C2: =COLUMN()-1 -> 2 | D2: =COLUMN()-1 -> 3 | E2: =COLUMN()-1 -> 4 | F2: =COLUMN()-1 -> 5 | G2: =COLUMN()-1 -> 6 | H2: =COLUMN()-1 -> 7 | I2: =COLUMN()-1 -> 8 | ... EM2: =COLUMN()-1 -> 142
A3: 大項目 | B3: 年度 | C3: 団体CD | D3: 業務CD | E3: 業種CD | F3: 事業CD | G3: 施設CD | H3: 基本情報 | W3: 1. 経営の健全性・効率性 | DG3: 2. 老朽化の状況
A4: 中項目 | W4: ①収益的収支比率(％) | AH4: ②累積欠損金比率(％) | AS4: ③流動比率(％) | BD4: ④企業債残高対給水収益比率(％) | BO4: ⑤料金回収率(％) | BZ4: ⑥給水原価(円) | CK4: ⑦施設利用率(％) | CV4: ⑧有収率(％) | DG4: ①有形固定資産減価償却率(％) | DR4: ②管路経年化率(％) | EC4: ③管路更新率(％)
A5: 小項目 | H5: 都道府県名 | I5: 法適・法非適 | J5: 業種名称 | K5: 事業名称 | L5: 類似団体 | M5: 資金不足比率 | N5: 自己資本構成比率 | O5: 普及率 | P5: 1ヶ月20㎥当たり家庭料金 | Q5: 人口 | R5: 面積 | S5: 人口密度 | T5: 給水人口 | U5: 給水区域面積 | V5: 給水人口密度 | W5: 比率(N-4) | X5: 比率(N-3) | Y5: 比率(N-2) | Z5: 比率(N-1) | AA5: 比率(N) | AB5: 類似団体平均(N-4) | AC5: 類似団体平均(N-3) | AD5: 類似団体平均(N-2) | AE5: 類似団体平均(N-1) | AF5: 類似団体平均(N) | AG5: 全国平均 | AH5: 比率(N-4) | AI5: 比率(N-3) | AJ5: 比率(N-2) | AK5: 比率(N-1) | AL5: 比率(N) | AM5: 類似団体平均(N-4) | AN5: 類似団体平均(N-3) | AO5: 類似団体平均(N-2) | AP5: 類似団体平均(N-1) | AQ5: 類似団体平均(N) | AR5: 全国平均 | AS5: 比率(N-4) | AT5: 比率(N-3) | AU5: 比率(N-2) | AV5: 比率(N-1) | AW5: 比率(N) | AX5: 類似団体平均(N-4) | AY5: 類似団体平均(N-3) | AZ5: 類似団体平均(N-2) | BA5: 類似団体平均(N-1) | BB5: 類似団体平均(N) | BC5: 全国平均 | BD5: 比率(N-4) | BE5: 比率(N-3) | BF5: 比率(N-2) | BG5: 比率(N-1) | BH5: 比率(N) | BI5: 類似団体平均(N-4) | BJ5: 類似団体平均(N-3) | BK5: 類似団体平均(N-2) | BL5: 類似団体平均(N-1) | BM5: 類似団体平均(N) | BN5: 全国平均 | BO5: 比率(N-4) | BP5: 比率(N-3) | BQ5: 比率(N-2) | BR5: 比率(N-1) | BS5: 比率(N) | BT5: 類似団体平均(N-4) | BU5: 類似団体平均(N-3) | BV5: 類似団体平均(N-2) | BW5: 類似団体平均(N-1) | BX5: 類似団体平均(N) | BY5: 全国平均 | BZ5: 比率(N-4) | CA5: 比率(N-3) | CB5: 比率(N-2) | CC5: 比率(N-1) | CD5: 比率(N) | CE5: 類似団体平均(N-4) | CF5: 類似団体平均(N-3) | CG5: 類似団体平均(N-2) | CH5: 類似団体平均(N-1) | CI5: 類似団体平均(N) | CJ5: 全国平均 | CK5: 比率(N-4) | CL5: 比率(N-3) | CM5: 比率(N-2) | CN5: 比率(N-1) | CO5: 比率(N) | CP5: 類似団体平均(N-4) | CQ5: 類似団体平均(N-3) | CR5: 類似団体平均(N-2) | CS5: 類似団体平均(N-1) | CT5: 類似団体平均(N) | CU5: 全国平均 | CV5: 比率(N-4) | CW5: 比率(N-3) | CX5: 比率(N-2) | CY5: 比率(N-1) | CZ5: 比率(N) | DA5: 類似団体平均(N-4) | DB5: 類似団体平均(N-3) | DC5: 類似団体平均(N-2) | DD5: 類似団体平均(N-1) | DE5: 類似団体平均(N) | DF5: 全国平均 | DG5: 比率(N-4) | DH5: 比率(N-3) | DI5: 比率(N-2) | DJ5: 比率(N-1) | DK5: 比率(N) | DL5: 類似団体平均(N-4) | DM5: 類似団体平均(N-3) | DN5: 類似団体平均(N-2) | DO5: 類似団体平均(N-1) | DP5: 類似団体平均(N) | DQ5: 全国平均 | DR5: 比率(N-4) | DS5: 比率(N-3) | DT5: 比率(N-2) | DU5: 比率(N-1) | DV5: 比率(N) | DW5: 類似団体平均(N-4) | DX5: 類似団体平均(N-3) | DY5: 類似団体平均(N-2) | DZ5: 類似団体平均(N-1) | EA5: 類似団体平均(N) | EB5: 全国平均 | EC5: 比率(N-4) | ED5: 比率(N-3) | EE5: 比率(N-2) | EF5: 比率(N-1) | EG5: 比率(N) | EH5: 類似団体平均(N-4) | EI5: 類似団体平均(N-3) | EJ5: 類似団体平均(N-2) | EK5: 類似団体平均(N-1) | EL5: 類似団体平均(N) | EM5: 全国平均
A6: 参照用 | B6: =B7 -> 2015 | C6: =C7 -> 344311 | D6: =D7 -> 47 | E6: =E7 -> 1 | F6: =F7 -> 0 | G6: =G7 -> 0 | H6: =H7 -> 広島県 大崎上島町 | I6: =I7 -> 法非適用 | ... V6: =V7 -> 546.06 | W6: =IF(W7="",NA(),W7) -> 90.84 | X6: =IF(X7="",NA(),X7) -> 90.82 | Y6: =IF(Y7="",NA(),Y7) -> 85.37 | Z6: =IF(Z7="",NA(),Z7) -> 93.28 | AA6: =IF(AA7="",NA(),AA7) -> 85.15 | AB6: =IF(AB7="",NA(),AB7) -> 75.24 | AC6: =IF(AC7="",NA(),AC7) -> 73.63 | AD6: =IF(AD7="",NA(),AD7) -> 75.71 | ... AF6: =IF(AF7="",NA(),AF7) -> 75.34 | AG6: =IF(AG7="","",IF(AG7="-","【-】","【"&SUBSTITUTE(TEXT(AG7,"#,##0.00"),"-","△")&"】")) -> 【75.51】 | AH6: =IF(AH7="",NA(),AH7) -> #N/A | AI6: =IF(AI7="",NA(),AI7) -> #N/A | AJ6: =IF(AJ7="",NA(),AJ7) -> #N/A | AK6: =IF(AK7="",NA(),AK7) -> #N/A | AL6: =IF(AL7="",NA(),AL7) -> #N/A | AM6: =IF(AM7="",NA(),AM7) -> #N/A | AN6: =IF(AN7="",NA(),AN7) -> #N/A | AO6: =IF(AO7="",NA(),AO7) -> #N/A | ... AQ6: =IF(AQ7="",NA(),AQ7) -> #N/A | AR6: =IF(AR7="","",IF(AR7="-","【-】","【"&SUBSTITUTE(TEXT(AR7,"#,##0.00"),"-","△")&"】")) | AS6: =IF(AS7="",NA(),AS7) -> #N/A | AT6: =IF(AT7="",NA(),AT7) -> #N/A | AU6: =IF(AU7="",NA(),AU7) -> #N/A | AV6: =IF(AV7="",NA(),AV7) -> #N/A | AW6: =IF(AW7="",NA(),AW7) -> #N/A | AX6: =IF(AX7="",NA(),AX7) -> #N/A | AY6: =IF(AY7="",NA(),AY7) -> #N/A | AZ6: =IF(AZ7="",NA(),AZ7) -> #N/A | ... BB6: =IF(BB7="",NA(),BB7) -> #N/A | BC6: =IF(BC7="","",IF(BC7="-","【-】","【"&SUBSTITUTE(TEXT(BC7,"#,##0.00"),"-","△")&"】")) | BD6: =IF(BD7="",NA(),BD7) -> 338.2 | BE6: =IF(BE7="",NA(),BE7) -> 355.58 | BF6: =IF(BF7="",NA(),BF7) -> 347.49 | BG6: =IF(BG7="",NA(),BG7) -> 339.85 | BH6: =IF(BH7="",NA(),BH7) -> 311.82 | BI6: =IF(BI7="",NA(),BI7) -> 1168.8 | BJ6: =IF(BJ7="",NA(),BJ7) -> 1158.82 | BK6: =IF(BK7="",NA(),BK7) -> 1167.7 | ... BM6: =IF(BM7="",NA(),BM7) -> 1280.18 | BN6: =IF(BN7="","",IF(BN7="-","【-】","【"&SUBSTITUTE(TEXT(BN7,"#,##0.00"),"-","△")&"】")) -> 【1,242.90】 | BO6: =IF(BO7="",NA(),BO7) -> 75.58 | BP6: =IF(BP7="",NA(),BP7) -> 72.9 | BQ6: =IF(BQ7="",NA(),BQ7) -> 77.56 | BR6: =IF(BR7="",NA(),BR7) -> 76.9 | BS6: =IF(BS7="",NA(),BS7) -> 80.88 | BT6: =IF(BT7="",NA(),BT7) -> 56.44 | BU6: =IF(BU7="",NA(),BU7) -> 55.6 | BV6: =IF(BV7="",NA(),BV7) -> 54.43 | ... BX6: =IF(BX7="",NA(),BX7) -> 53.62 | BY6: =IF(BY7="","",IF(BY7="-","【-】","【"&SUBSTITUTE(TEXT(BY7,"#,##0.00"),"-","△")&"】")) -> 【33.35】 | BZ6: =IF(BZ7="",NA(),BZ7) -> 315.43 | CA6: =IF(CA7="",NA(),CA7) -> 333.31 | CB6: =IF(CB7="",NA(),CB7) -> 313.74 | CC6: =IF(CC7="",NA(),CC7) -> 324.74 | CD6: =IF(CD7="",NA(),CD7) -> 306.33 | CE6: =IF(CE7="",NA(),CE7) -> 270.7 | CF6: =IF(CF7="",NA(),CF7) -> 275.86 | CG6: =IF(CG7="",NA(),CG7) -> 279.8 | ... CI6: =IF(CI7="",NA(),CI7) -> 287.7 | CJ6: =IF(CJ7="","",IF(CJ7="-","【-】","【"&SUBSTITUTE(TEXT(CJ7,"#,##0.00"),"-","△")&"】")) -> 【524.69】 | CK6: =IF(CK7="",NA(),CK7) -> 54.01 | CL6: =IF(CL7="",NA(),CL7) -> 50.87 | CM6: =IF(CM7="",NA(),CM7) -> 50 | CN6: =IF(CN7="",NA(),CN7) -> 49.79 | CO6: =IF(CO7="",NA(),CO7) -> 52.4 | CP6: =IF(CP7="",NA(),CP7) -> 59.84 | CQ6: =IF(CQ7="",NA(),CQ7) -> 60.66 | CR6: =IF(CR7="",NA(),CR7) -> 60.17 | ... CT6: =IF(CT7="",NA(),CT7) -> 58.1 | CU6: =IF(CU7="","",IF(CU7="-","【-】","【"&SUBSTITUTE(TEXT(CU7,"#,##0.00"),"-","△")&"】")) -> 【57.58】 | CV6: =IF(CV7="",NA(),CV7) -> 84.06 | CW6: =IF(CW7="",NA(),CW7) -> 83.6 | CX6: =IF(CX7="",NA(),CX7) -> 85.67 | CY6: =IF(CY7="",NA(),CY7) -> 84.56 | CZ6: =IF(CZ7="",NA(),CZ7) -> 85.08 | DA6: =IF(DA7="",NA(),DA7) -> 77.99 | DB6: =IF(DB7="",NA(),DB7) -> 77.32 | DC6: =IF(DC7="",NA(),DC7) -> 76.68 | ... DE6: =IF(DE7="",NA(),DE7) -> 76.69 | DF6: =IF(DF7="","",IF(DF7="-","【-】","【"&SUBSTITUTE(TEXT(DF7,"#,##0.00"),"-","△")&"】")) -> 【75.27】 | DG6: =IF(DG7="",NA(),DG7) -> #N/A | DH6: =IF(DH7="",NA(),DH7) -> #N/A | DI6: =IF(DI7="",NA(),DI7) -> #N/A | DJ6: =IF(DJ7="",NA(),DJ7) -> #N/A | DK6: =IF(DK7="",NA(),DK7) -> #N/A | DL6: =IF(DL7="",NA(),DL7) -> #N/A | DM6: =IF(DM7="",NA(),DM7) -> #N/A | DN6: =IF(DN7="",NA(),DN7) -> #N/A | ... DP6: =IF(DP7="",NA(),DP7) -> #N/A | DQ6: =IF(DQ7="","",IF(DQ7="-","【-】","【"&SUBSTITUTE(TEXT(DQ7,"#,##0.00"),"-","△")&"】")) | DR6: =IF(DR7="",NA(),DR7) -> #N/A | DS6: =IF(DS7="",NA(),DS7) -> #N/A | DT6: =IF(DT7="",NA(),DT7) -> #N/A | DU6: =IF(DU7="",NA(),DU7) -> #N/A | DV6: =IF(DV7="",NA(),DV7) -> #N/A | DW6: =IF(DW7="",NA(),DW7) -> #N/A | DX6: =IF(DX7="",NA(),DX7) -> #N/A | DY6: =IF(DY7="",NA(),DY7) -> #N/A | ... EA6: =IF(EA7="",NA(),EA7) -> #N/A | EB6: =IF(EB7="","",IF(EB7="-","【-】","【"&SUBSTITUTE(TEXT(EB7,"#,##0.00"),"-","△")&"】")) | EC6: =IF(EC7="",NA(),EC7) -> 0.74 | ED6: =IF(ED7="",NA(),ED7) -> 0.75 | EE6: =IF(EE7="",NA(),EE7) -> 0 | EF6: =IF(EF7="",NA(),EF7) -> 0 | EG6: =IF(EG7="",NA(),EG7) -> 0 | EH6: =IF(EH7="",NA(),EH7) -> 1.08 | EI6: =IF(EI7="",NA(),EI7) -> 0.69 | EJ6: =IF(EJ7="",NA(),EJ7) -> 0.89 | ... EL6: =IF(EL7="",NA(),EL7) -> 0.76 | EM6: =IF(EM7="","",IF(EM7="-","【-】","【"&SUBSTITUTE(TEXT(EM7,"#,##0.00"),"-","△")&"】")) -> 【0.71】
B7: 2015 | C7: 344311 | D7: 47 | E7: 1 | F7: 0 | G7: 0 | H7: 広島県 大崎上島町 | I7: 法非適用 | J7: 水道事業 | K7: 簡易水道事業 | L7: D2 | M7: - | N7: 該当数値なし | O7: 99.8 | P7: 3780 | Q7: 7988 | R7: 43.11 | S7: 185.29 | T7: 7825 | U7: 14.33 | V7: 546.06 | W7: 90.84 | X7: 90.82 | Y7: 85.37 | Z7: 93.28 | AA7: 85.15 | AB7: 75.24 | AC7: 73.63 | AD7: 75.71 | AE7: 75.09 | AF7: 75.34 | AG7: 75.51 | BD7: 338.2 | BE7: 355.58 | BF7: 347.49 | BG7: 339.85 | BH7: 311.82 | BI7: 1168.8 | BJ7: 1158.82 | BK7: 1167.7 | BL7: 1228.58 | BM7: 1280.18 | BN7: 1242.9 | BO7: 75.58 | BP7: 72.9 | BQ7: 77.56 | BR7: 76.9 | BS7: 80.88 | BT7: 56.44 | BU7: 55.6 | BV7: 54.43 | BW7: 53.81 | BX7: 53.62 | BY7: 33.35 | BZ7: 315.43 | CA7: 333.31 | CB7: 313.74 | CC7: 324.74 | CD7: 306.33 | CE7: 270.7 | CF7: 275.86 | CG7: 279.8 | CH7: 284.65 | CI7: 287.7 | CJ7: 524.69 | CK7: 54.01 | CL7: 50.87 | CM7: 50 | CN7: 49.79 | CO7: 52.4 | CP7: 59.84 | CQ7: 60.66 | CR7: 60.17 | CS7: 58.96 | CT7: 58.1 | CU7: 57.58 | CV7: 84.06 | CW7: 83.6 | CX7: 85.67 | CY7: 84.56 | CZ7: 85.08 | DA7: 77.99 | DB7: 77.32 | DC7: 76.68 | DD7: 76.58 | DE7: 76.69 | DF7: 75.27 | EC7: 0.74 | ED7: 0.75 | EE7: 0 | EF7: 0 | EG7: 0 | EH7: 1.08 | EI7: 0.69 | EJ7: 0.89 | EK7: 0.98 | EL7: 0.76 | EM7: 0.71
B9: Ｎ－４年度 | C9: Ｎ－３年度 | D9: Ｎ－２年度 | E9: Ｎ－１年度 | F9: Ｎ年度
A10: 年度 | B10: =DATEVALUE($B$6-4&"年1月1日") -> 40544 | C10: =DATEVALUE($B$6-3&"年1月1日") -> 40909 | D10: =DATEVALUE($B$6-2&"年1月1日") -> 41275 | E10: =DATEVALUE($B$6-1&"年1月1日") -> 41640 | F10: =DATEVALUE($B$6&"年1月1日") -> 42005
